AoeStats
← ogipochi_

Arena

504331335Analyzed
4v4 RM · 29d ago on Sep 4, 2026· 42m 58s· 8 players
Game mode
Random Map
Map size
Large (8 player)
Population
200
Speed
Normal
Resources
Standard
Victory
Conquest
Starting age
Dark Age
Ending age
Imperial Age
RankedLock teamsTeams togetherTeam positionsShared explorationLock speedFull tech treeHidden civsTurbo modeCheats
Victory
Defeat
🇧🇷 Huns · Brazil
907
+12
🇯🇵 Spanish · Japan
881
+13
🇺🇸 Italians · United States
823
+15
🇲🇽 Georgians · Mexico
739
+19
🇵🇹 Byzantines · Portugal
854
-17
🇵🇹 Portuguese · Portugal
802
-14
🇳🇱 Huns · Netherlands
784
-14
🇩🇪 Ethiopians · Germany
781
-14
stinkelton7
11:32 Feudal Age
15:47 Castle Age
15:21 Double-Bit Axe
17:23 Bow Saw
17:00 Horse Collar
18:44 Crossbowman
19:45 Fletching
24:59 Heavy Plow
32:38 Imperial Age
30:31 Gold Mining
32:12 Thumb Ring
33:15 Arbalester
36:44 Bodkin Arrow
36:50 Padded Archer Armor
37:00 Onager
Timor Primus
5:13 Loom
10:55 Feudal Age
11:57 Double-Bit Axe
13:13 Horse Collar
17:24 Fletching
18:53 Padded Archer Armor
24:07 Castle Age
22:18 Scale Mail Armor
23:43 Gold Mining
25:32 Wheelbarrow
25:17 Heavy Plow
25:29 Bow Saw
24:50 Crossbowman
25:59 Stone Mining
26:14 Squires
26:47 Bodkin Arrow
27:54 Hand Cart
28:17 Fortified Wall
29:35 Ballistics
29:40 Pikeman
33:25 Imperial Age
32:11 Elite Skirmisher
32:57 Thumb Ring
33:06 Forging
33:20 Fervor
34:08 Leather Archer Armor
34:28 Iron Casting
35:42 Arbalester
38:21 Chemistry
41:55 Bracer
yenepu
0:30 Loom
11:22 Feudal Age
13:03 Double-Bit Axe
13:01 Horse Collar
21:44 Castle Age
19:40 Stone Mining
22:08 Gold Mining
23:50 Wheelbarrow
23:39 Heavy Plow
26:22 Fervor
27:30 Bow Saw
27:34 Treadmill Crane
31:52 Imperial Age
29:42 Hand Cart
29:45 Fletching
29:55 Padded Archer Armor
30:20 Ballistics
30:20 Bodkin Arrow
31:38 Leather Archer Armor
32:20 Fortified Wall
32:27 Caravan
33:46 Chemistry
33:48 Conscription
34:03 Ring Archer Armor
35:17 Pikeman
37:24 Arson
37:40 Elite Skirmisher
39:52 Arquebus
primeyy1997
12:43 Feudal Age
13:14 Double-Bit Axe
13:11 Horse Collar
21:03 Castle Age
21:05 Scale Mail Armor
21:13 Padded Archer Armor
22:03 Bow Saw
24:11 Fletching
25:37 Heavy Plow
26:57 Wheelbarrow
28:30 Gold Mining
28:41 Stone Mining
30:52 Hand Cart
31:21 Bodkin Arrow
34:29 Gold Shaft Mining
36:26 Imperial Age
34:41 Leather Archer Armor
34:59 Thumb Ring
35:45 Caravan
37:10 Ballistics
37:46 Heavy Cavalry Archer
38:52 Parthian Tactics
39:20 Bracer
41:15 Chemistry
ogipochi_
9:26 Loom
11:12 Feudal Age
12:17 Double-Bit Axe
12:23 Stone Mining
12:25 Gold Mining
12:20 Horse Collar
13:18 Wheelbarrow
12:29 Town Watch
17:45 Castle Age
16:17 Padded Archer Armor
19:03 Bow Saw
25:59 Bloodlines
27:35 Leather Archer Armor
28:16 Heavy Plow
32:26 Imperial Age
33:03 Hand Cart
32:49 Town Watch
34:36 Stone Shaft Mining
35:00 Ring Archer Armor
34:55 Ballistics
35:35 Chemistry
35:05 Conscription
34:32 Elite Conquistador
39:20 Caravan
Shido Khan
0:51 Loom
13:46 Feudal Age
19:12 Castle Age
17:31 Double-Bit Axe
17:34 Horse Collar
19:34 Bloodlines
19:36 Forging
19:31 Scale Barding Armor
19:39 Scale Barding Armor
22:47 Wheelbarrow
26:59 Imperial Age
27:26 Hand Cart
27:53 Heavy Plow
31:32 Conscription
32:24 Hoardings
32:40 Gold Mining
33:00 Bow Saw
32:41 Stone Mining
33:09 Bow Saw
33:58 Chain Barding Armor
34:13 Iron Casting
34:14 Caravan
34:48 Fortified Wall
35:01 Fletching
35:11 Padded Archer Armor
35:01 Fletching
35:11 Padded Archer Armor
35:01 Fletching
35:11 Padded Archer Armor
36:00 Bodkin Arrow
37:07 Chemistry
37:05 Leather Archer Armor
37:15 Ballistics
37:06 Masonry
37:22 Husbandry
37:57 Parthian Tactics
38:10 Light Cavalry
38:56 Heavy Cavalry Archer
40:26 Aznauri Cavalry
40:39 Capped Ram
41:35 Elite Monaspa
42:56 Siege Ram
Williamjason007
10:15 Feudal Age
10:59 Double-Bit Axe
12:27 Horse Collar
18:44 Castle Age
17:40 Gold Mining
18:14 Padded Archer Armor
18:07 Fletching
20:03 Heavy Plow
21:30 Stone Mining
29:08 Imperial Age
27:48 Bodkin Arrow
28:08 Leather Archer Armor
28:19 Masonry
28:40 Ballistics
30:52 Chemistry
30:17 Thumb Ring
31:52 Ring Archer Armor
32:10 Pirotechnia
32:14 Bracer
33:51 Silk Road
Auditor
0:28 Loom
12:15 Feudal Age
12:37 Horse Collar
12:45 Double-Bit Axe
19:58 Castle Age
18:36 Gold Mining
21:00 Heavy Plow
21:14 Bow Saw
21:26 Scale Barding Armor
21:50 Forging
22:38 Wheelbarrow
25:03 Hand Cart
25:15 Chain Barding Armor
28:30 Iron Casting
32:03 Imperial Age
30:16 Bloodlines
30:07 Husbandry
36:41 Cavalier
38:29 Plate Barding Armor
38:55 Blast Furnace
38:59 Gold Shaft Mining
38:30 Paladin
Connection lost

Rejoining the realm…

Still unreachable

The connection could not be restored.

Session expired

The server has moved on; the page needs a fresh start.